 Dungeon Crawl Stone Soup version 0.17.0-1-g61d176b (webtiles) character file.

239 Ijustatesigmund the Cudgeler (level 6, -5/37 HPs)
             Began as a Gargoyle Fighter on Nov 7, 2015.
             Slain by an ogre
             ... wielding a +0 giant spiked club
              (16 damage)
             ... on level 4 of the Dungeon.
             The game lasted 00:05:42 (2703 turns).

Ijustatesigmund the Cudgeler (Gargoyle Fighter)     Turns: 2703, Time: 00:05:43

Health: -5/37      AC: 16    Str: 24    XL:     6   Next: 7%
Magic:  6/6        EV:  5    Int:  9    God:
Gold:   197        SH:  9    Dex: 11    Spells: 0 memorised, 5 levels left

rFire  . . .     SeeInvis .     a - +0 flail
rCold  . . .     Clarity  .     n - +0 chain mail
rNeg   + . .     SustAt   .     c - +0 shield
rPois  ∞         Gourm    .     k - +0 helmet
rElec  +         Spirit   .     g - +1 cloak
rCorr  .         Warding  .     (no gloves)
rMut   .         Stasis   .     (no boots)
MR     .....                    (no amulet)
Stlth  ..........               (no ring)
                                (no ring)

@: mighty, very slightly contaminated, invisible, not resistant to hostile
enchantments, extremely unstealthy
A: negative energy resistance 1, electricity resistance, unbreathing,
petrification resistance, rot immunity, AC +4
a: no special abilities


You were on level 4 of the Dungeon.
You were not hungry.

You visited 1 branch of the dungeon, and saw 4 of its levels.

You collected 197 gold pieces.

Inventory:

Hand Weapons
 a - a +0 flail (weapon)
 v - a +0 short sword of holy wrath
Armour
 c - a +0 shield (worn)
 g - a +1 cloak (worn)
 k - a +0 helmet (worn)
 n - a +0 chain mail (worn)
Wands
 q - a wand of lightning (5)
 y - a wand of polymorph (8)
Scrolls
 j - a scroll of blinking
 s - 2 scrolls of remove curse
Potions
 d - 2 potions of might
 f - a potion of invisibility
 h - 2 potions of ambrosia
 l - a potion of cure mutation {unknown}
 r - a potion of degeneration {unknown}
 u - a potion of haste {unknown}
 w - a potion of berserk rage {unknown}
 x - a potion of lignification {unknown}
Comestibles
 b - 5 chunks of flesh
 e - a bread ration
 i - 2 slices of pizza
 m - a beef jerky
 t - a meat ration
 z - 2 fruits


   Skills:
 - Level 3.2 Fighting
 + Level 6.1 Maces & Flails
 - Level 3.2 Armour
 - Level 3.2 Shields


You had 5 spell levels left.
You didn't know any spells.

Dungeon Overview and Level Annotations

Branches:
Dungeon (4/15)
 Temple: D:4-7

Altars:
Dithmenos
Elyvilon
Gozag
Kikubaaqudgha
Ru
Trog
Xom
Yredelemnul


Innate Abilities, Weirdness & Mutations

You are resistant to torment.
Your stone body is resilient (AC +4).
You are immune to poison.
You resist negative energy.
You are resistant to electric shocks.
You can survive without breathing.
You are immune to petrification.
You are immune to rotting.


Message History

You block the ogre's attack.
You barely miss the ogre.
The ogre is heavily wounded.
The ogre hits you with a giant spiked club!
You hit the ogre but do no damage.
The ogre is heavily wounded.
Read which item? (? for menu, Esc to quit)
Okay, then.
Drink which item? (? for menu, Esc to quit)
You fade into invisibility!
The ogre barely misses you.
You are very lightly contaminated with residual magic.
Drink which item? (? for menu, Esc to quit)
You feel very mighty all of a sudden.
The ogre hits you with a giant spiked club.
* * * LOW HITPOINT WARNING * * *
You closely miss the ogre.
The ogre is heavily wounded.
The ogre hits you with a giant spiked club!
You die...

#.# ##.### #.# #....#
#.# #>...# #.#
##########...)# #.#
#........'..... #.#
#.########....#
#.################'####
#....#
##...........#.........#
#....#
........####.#.O@......#
#....#
....>..................#
#....#
........####...#'##.####
##.### ........#
#...#.##.# #.# ........#
#...#..#.# #.###
####.####
#.####.#.#########...#
#.#
##.####...............#
#..
.......................
..#
#...####.#####.####...#


You could see an ogre.

Vanquished Creatures
  An ogre (D:4)
  A scorpion (D:4)
  An orc wizard (D:4)
  2 adders
  2 oozes (D:3)
  2 worms (D:3)
  3 orcs (D:4)
  7 bats
  2 giant cockroaches
  2 hobgoblins
  5 kobolds
  A quokka (D:4)
  A ball python (D:3)
  A giant gecko (D:2)
  2 giant newts
  6 goblins
  9 jackals
  12 rats
60 creatures vanquished.

Notes
Turn   | Place    | Note
--------------------------------------------------------------
     0 | D:1      | Ijustatesigmund the Gargoyle Fighter began the quest for the Orb.
     0 | D:1      | Reached XP level 1. HP: 14/14 MP: 1/1
    49 | D:1      | Reached XP level 2. HP: 17/19 MP: 2/2
   722 | D:2      | Reached XP level 3. HP: 20/23 MP: 3/3
  1848 | D:3      | Reached skill level 4 in Maces & Flails
  1975 | D:3      | Reached XP level 4. HP: 28/28 MP: 4/4
  2313 | D:4      | Reached skill level 5 in Maces & Flails
  2343 | D:4      | Found a bloodstained altar of Trog.
  2357 | D:4      | Found a basalt altar of Yredelemnul.
  2357 | D:4      | Found an ancient bone altar of Kikubaaqudgha.
  2357 | D:4      | Found a shadowy altar of Dithmenos.
  2358 | D:4      | Found a sacrificial altar of Ru.
  2359 | D:4      | Found a shimmering altar of Xom.
  2360 | D:4      | Found a white marble altar of Elyvilon.
  2361 | D:4      | Found an opulent altar of Gozag.
  2551 | D:4      | Reached XP level 5. HP: 32/32 MP: 5/5
  2616 | D:4      | Noticed an ogre
  2621 | D:4      | Killed an ogre
  2655 | D:4      | Reached skill level 6 in Maces & Flails
  2655 | D:4      | Reached XP level 6. HP: 27/37 MP: 6/6
  2693 | D:4      | Noticed an ogre
  2703 | D:4      | Slain by an ogre

Action                   |  1- 3 |  4- 6 || total
-------------------------+-------+-------++-------
Melee: Flail             |   148 |    51 ||   199
  Use: Scroll            |     1 |     6 ||     7
       Potion            |       |     2 ||     2
  Eat: Chunk             |     3 |     3 ||     6
